 Dungeon Crawl Stone Soup version 0.25-a0-443-gece2dee8bd (webtiles) character file.

Game seed: 6324730510716744601, levelgen mode: deterministic

80962 Archen the Severer (level 15, 0/139 HPs)
             Began as a Minotaur Berserker on Jan 30, 2020.
             Was a High Priest of Trog.
             Splashed by an acid blob's acid (10 damage)
             ... on level 1 of the Pits of Slime.
             The game lasted 01:01:16 (24664 turns).

Archen the Severer (Minotaur Berserker)            Turns: 24664, Time: 01:01:17

Health: 0/139      AC:  6    Str: 25    XL:     15   Next: 25%
Magic:  0/14       EV: 14    Int:  4    God:    Trog [*****.]
Gold:   1983       SH:  0    Dex: 13    Spells: 14/14 levels left

rFire    + . .     SeeInvis .   O - +6 executioner's axe (flame)
rCold    . . .     Gourm    .   (shield currently unavailable)
rNeg     + . .     Faith    .   t - +0 plate armour
rPois    .         Spirit   +   (helmet restricted)
rElec    .         Reflect  .   X - +0 cloak
rCorr    .         Harm     .   M - +0 pair of gloves
MR       +....                  G - +0 pair of boots
Stlth    ..........             S - amulet "Guesmow" {Spirit Stlth+}
HPRegen  0.33/turn              A - ring of protection from fire
MPRegen  0.14/turn              J - ring of positive energy

@: corroded, very slightly contaminated, studying Armour
A: retaliatory headbutt, horns 2
a: Berserk, Trog's Hand, Brothers in Arms, Renounce Religion


You were on level 1 of the Pits of Slime.
You worshipped Trog.
Trog was extremely pleased with you.
You were not hungry.

You visited 3 branches of the dungeon, and saw 22 of its levels.

You collected 1983 gold pieces.

Inventory:

Hand Weapons
 j - a +2 vorpal executioner's axe
 O - a +6 executioner's axe of flaming (weapon)
Armour
 t - a +0 plate armour (worn)
 G - a +0 pair of boots (worn)
 M - a +0 pair of gloves (worn)
 X - a +0 cloak (worn)
Jewellery
 s - an uncursed amulet of magic regeneration
 A - a ring of protection from fire (left hand)
 C - an uncursed ring of teleportation
 J - a ring of positive energy (right hand)
 N - an uncursed ring of attention
 R - an uncursed amulet of the gourmand
 S - the amulet "Guesmow" (around neck) {Spirit Stlth+}
   (You found it on level 14 of the Dungeon)

   [amulet of guardian spirit]

   It causes incoming damage to be split between your health and magic.
   It makes you more stealthy.
 Z - an uncursed ring of positive energy
Wands
 p - a wand of flame (51)
 r - a wand of polymorph (29)
 w - a wand of acid (16)
 x - a wand of enslavement (23)
 K - a wand of digging (13)
 U - a wand of random effects (19)
Scrolls
 a - 2 scrolls of identify
 b - 2 scrolls of vulnerability
 f - 2 scrolls of enchant armour
 g - a scroll of amnesia
 h - 2 scrolls of noise
 k - a scroll of blinking
 m - 9 scrolls of teleportation
 n - 9 scrolls of remove curse
 q - 3 scrolls of immolation
 u - 2 scrolls of fear
 B - 6 scrolls of magic mapping
 L - 2 scrolls of fog
Potions
 d - 2 potions of berserk rage
 e - 3 potions of magic
 i - 3 potions of heal wounds
 l - 10 potions of curing
 o - 3 potions of mutation
 v - 3 potions of flight
 z - 2 potions of invisibility
 D - a potion of degeneration
 E - a potion of might
 F - 2 potions of cancellation
 H - 2 potions of ambrosia {unknown}
 I - a potion of lignification
 P - a potion of haste
 Q - a potion of agility
 T - 3 potions of brilliance
Books
 y - a manual of Armour
Comestibles
 c - 30 rations


   Skills:
 + Level 14.6 Fighting
 * Level 19.4 Axes
 + Level 15.3 Armour
 + Level 13.4 Dodging


You had 14 spell levels left.
You didn't know any spells.
Your spell library was empty.

Dungeon Overview and Level Annotations

Branches:
Dungeon (15/15)            Temple (0/1) D:4            Lair (6/6) D:10
  Swamp (0/4) Lair:2        Snake (0/4) Lair:2        Slime (1/5) Lair:6
    Orc (0/2) D:9          Vaults (0/5) D:13         Depths (0/5) D:15

Altars:
Cheibriados
Dithmenos
Fedhas
Hepliaklqana
Kikubaaqudgha
Nemelex Xobeh
Okawaru
Qazlal
Ru
Sif Muna
Vehumet
Zin
Beogh
Jiyva

Shops:
D:9 [

Portals:
Trove: D:12 (give 19 potions of curing)


Innate Abilities, Weirdness & Mutations

You reflexively headbutt those who attack you in melee.
You have a pair of horns on your head.


Message History

The acid blob is heavily wounded.
The acid blob spits acid at you. The splash of acid hits you!
* * * LOW HITPOINT WARNING * * *
The acid corrodes you!
You are splashed with acid!
* * * LOW HITPOINT WARNING * * *
The acid blob spits acid at you. The splash of acid hits you!
* * * LOW HITPOINT WARNING * * *
The acid corrodes you!
You are splashed with acid!
* * * LOW HITPOINT WARNING * * *
Blink to where?
Press: ? - help, Dir - move target cursor You are very lightly contaminated with residual magic.
As you read the scroll of blinking, it crumbles to dust.
The acid blob spits acid at you. The splash of acid hits you!
* * * LOW HITPOINT WARNING * * *
You are splashed with acid!
You die...

#........
.........
........##
.........##
.......... ..
... .....## ...
...# #....##.##
....##.@.......
......#.......#.
#.#..#J......##
..............#
.............##
.............#
.........>...##
##....§J.....#
#.........#.##


You could see an acid blob and an azure jelly.

Vanquished Creatures
  Frances (D:14)
  Josephine (D:10)
  Snorg (D:11)
  3 vault guards (D:13)
  2 ogre magi (D:15)
  5 hydras
  A catoblepas (Lair:6)
  2 centaur warriors (D:14)
  A death knight (D:11)
  An anaconda (Lair:6)
  4 tengu warriors
  Nergalle (D:12)
  A hell knight (D:15)
  2 unseen horrors
  Pikel (D:7)
  A deep elf mage (D:14)
  3 oklob plants (Lair:5)
  2 manticores
  5 cyclopes
  14 ugly things
  22 elephants
  3 black mambas
  4 centaur zombies
  A black mamba (shapeshifter) (D:15)
  Joseph (D:8)
  A spiny frog (shapeshifter) (D:15)
  12 spiny frogs
  A rime drake (Lair:2)
  8 komodo dragons
  11 polar bears
  A queen bee (D:8)
  4 trolls
  Prince Ribbit (D:7)
  2 raiju (Lair:6)
  A dream sheep (Lair:6)
  9 slime creatures (D:14)
  4 bog bodies (Lair:2)
  7 hippogriffs
  A shadow (D:14)
  3 wyverns
  A spriggan (D:10)
  8 humans (D:13)
  Eustachio (D:6)
  A vampire (D:14)
  4 basilisks
  6 wraiths
  Grum (D:9)
  2 vampire mosquitoes (D:14)
  A hungry ghost (D:13)
  38 yaks
  A swamp worm (Lair:2)
  Menkaure (D:7)
  7 wargs
  2 nagas (Lair:2)
  An acid dragon (D:15)
  Duvessa (D:6)
  15 hell hounds (Lair:6)
  10 porcupines
  9 water moccasins
  9 orc warriors
  13 black bears
  4 slaves (D:7)
  4 sky beasts
  2 phantoms
  7 ogres
  15 wolves
  7 ice beasts
  14 centaurs
  14 crocodiles
  A big kobold (D:9)
  14 bullfrogs
  Dowan (D:6)
  A wyvern zombie (D:13)
  28 killer bees
  3 scorpions
  17 wights
  A howler monkey (D:6)
  4 electric eels
  2 vampire bats (D:9)
  6 crimson imps
  3 bullfrog zombies
  3 quasits
  4 bullfrog skeletons
  7 centaur skeletons
  5 hounds
  5 jellies
  10 orc priests
  16 orc wizards
  3 iguanas
  Ijyb (D:3)
  11 worker ants
  2 killer bee zombies
  A bullfrog simulacrum (D:9)
  3 hound zombies
  2 hound skeletons (D:4)
  A mummy (D:6)
  A worker ant zombie (D:8)
  14 adders
  3 white imps (D:9)
  An ooze (D:4)
  3 adder skeletons
  An adder zombie (D:5)
  3 worms
  A dart slug (D:1)
  7 leopard geckos
  65 orcs
  3 bat skeletons (D:9)
  2 bat zombies (D:9)
  3 giant cockroaches
  12 goblins
  6 hobgoblins
  17 jackals
  18 kobolds
  3 quokkas
  A ball python (D:1)
  5 bats
  8 frilled lizards
  A goblin zombie (D:6)
  A hobgoblin zombie (D:6)
  A jackal zombie (D:7)
  A quokka zombie (D:6)
  5 rats
  3 fungi
  A plant (Lair:2)
693 creatures vanquished.

Vanquished Creatures (others)
  A human (D:13)
  10 plants
11 creatures vanquished.

Grand Total: 704 creatures vanquished

Notes
Turn   | Place    | Note
-------+----------+-------------------------------------------
     0 | D:1      | Archen the Minotaur Berserker began the quest for the Orb.
     0 | D:1      | Reached XP level 1. HP: 19/19 MP: 0/0
    63 | D:1      | Reached skill level 4 in Axes
    63 | D:1      | Reached XP level 2. HP: 21/27 MP: 1/1
   376 | D:1      | Reached XP level 3. HP: 33/33 MP: 2/2
   866 | D:2      | Reached ** piety under Trog
  1315 | D:2      | Found a faded altar of an unknown god.
  1360 | D:3      | Reached XP level 4. HP: 40/40 MP: 3/3
  1415 | D:3      | Noticed Ijyb
  1423 | D:3      | Reached skill level 5 in Axes
  1424 | D:3      | Killed Ijyb
  1661 | D:3      | Reached XP level 5. HP: 25/47 MP: 4/4
  1860 | D:3      | Found a sparkling altar of Nemelex Xobeh.
  2233 | D:3      | Reached *** piety under Trog
  2453 | D:4      | Reached XP level 6. HP: 17/55 MP: 5/5
  2823 | D:4      | Found a staircase to the Ecumenical Temple.
  2831 | D:4      | Reached skill level 5 in Fighting
  2831 | D:4      | Reached skill level 6 in Axes
  3073 | D:4      | Found a shadowy altar of Dithmenos.
  3231 | D:4      | Found a roughly hewn altar of Beogh.
  3443 | D:5      | Entered Level 5 of the Dungeon
  3451 | D:5      | Reached XP level 7. HP: 20/61 MP: 6/6
  3663 | D:5      | Reached skill level 7 in Axes
  3846 | D:5      | Reached skill level 5 in Armour
  4318 | D:5      | Reached skill level 5 in Dodging
  4517 | D:5      | Reached XP level 8. HP: 70/70 MP: 7/7
  4568 | D:5      | Found a sacrificial altar of Ru.
  4677 | D:6      | Reached skill level 8 in Axes
  4845 | D:6      | Found a radiant altar of Vehumet.
  4855 | D:6      | Found an iron altar of Okawaru.
  4904 | D:6      | Found a sand-covered staircase.
  4907 | D:6      | Reached **** piety under Trog
  4948 | D:6      | Noticed Eustachio
  4963 | D:6      | Killed Eustachio
  5214 | D:6      | Noticed Duvessa
  5215 | D:6      | Noticed Dowan
  5221 | D:6      | Reached skill level 9 in Axes
  5225 | D:6      | Killed Duvessa
  5229 | D:6      | Killed Dowan
  5473 | D:6      | Reached XP level 9. HP: 73/79 MP: 8/8
  5650 | D:7      | Reached skill level 10 in Axes
  5708 | D:7      | Noticed Menkaure
  5716 | D:7      | Killed Menkaure
  5897 | D:7      | Noticed Prince Ribbit
  5906 | D:7      | Killed Prince Ribbit
  5926 | D:7      | Noticed Pikel
  5937 | D:7      | Killed Pikel
  6027 | D:7      | Found a glowing silver altar of Zin.
  6227 | D:8      | Noticed Joseph
  6234 | D:8      | Killed Joseph
  6234 | D:8      | Reached skill level 11 in Axes
  6237 | D:8      | Reached XP level 10. HP: 90/90 MP: 9/9
  6300 | D:8      | Found a hazy altar of Hepliaklqana.
  6403 | D:8      | Reached ***** piety under Trog
  6403 | D:8      | Received a gift from Trog
  6437 | D:8      | Found a glowing silver altar of Zin.
  6479 | D:8      | Found a stormy altar of Qazlal.
  6560 | D:8      | Found a snail-covered altar of Cheibriados.
  7139 | D:9      | Reached skill level 12 in Axes
  7172 | D:9      | Found a shimmering blue altar of Sif Muna.
  7341 | D:9      | Noticed Grum
  7355 | D:9      | Killed Grum
  7364 | D:9      | Found an ancient bone altar of Kikubaaqudgha.
  7456 | D:9      | Received a gift from Trog
  7718 | D:9      | Found a staircase to the Orcish Mines.
  8382 | D:9      | Found a blossoming altar of Fedhas.
  8652 | D:9      | Found Faemof's Antique Armour Boutique.
  8836 | D:10     | Entered Level 10 of the Dungeon
  9069 | D:10     | Reached XP level 11. HP: 89/99 MP: 10/10
  9084 | D:10     | Reached skill level 13 in Axes
  9348 | D:10     | Found a staircase to the Lair.
  9476 | D:10     | Reached skill level 10 in Fighting
  9481 | D:10     | Received a gift from Trog
  9541 | D:10     | Noticed Josephine
  9552 | D:10     | Killed Josephine
  9554 | D:10     | Reached skill level 10 in Armour
  9963 | D:11     | Noticed Snorg
  9974 | D:11     | Killed Snorg
  9974 | D:11     | Reached skill level 14 in Axes
 10164 | D:11     | Noticed a death knight
 10181 | D:11     | Killed a death knight
 10404 | D:11     | Killed an unseen horror
 10778 | D:12     | Noticed a green ugly thing
 10788 | D:12     | Killed a green ugly thing
 11123 | D:12     | Noticed Nergalle
 11126 | D:12     | Reached skill level 10 in Dodging
 11150 | D:12     | Killed Nergalle
 11150 | D:12     | Reached XP level 12. HP: 73/110 MP: 11/11
 11454 | D:12     | Received a gift from Trog
 11466 | D:12     | Got a pitted battleaxe {god gift}
 11467 | D:12     | Identified the +4 battleaxe of the Whale {vorpal, Int+6
                  | Dex+2} (Trog gifted it to you on level 12 of the Dungeon)
 11581 | D:12     | Reached skill level 15 in Axes
 11661 | D:12     | Found a portal to a secret trove of treasure.
 11713 | D:12     | Found a shimmering blue altar of Sif Muna.
 12477 | D:13     | Noticed a six-headed hydra
 12485 | D:13     | Killed a four-headed hydra
 12652 | D:13     | Noticed a vault guard
 12652 | D:13     | Noticed a vault guard
 12663 | D:13     | Killed a vault guard
 12947 | D:13     | Noticed a vault guard
 12948 | D:13     | Killed a vault guard
 12958 | D:13     | Received a gift from Trog
 12964 | D:13     | Killed a vault guard
 12964 | D:13     | Reached skill level 16 in Axes
 12984 | D:13     | HP: 5/112 [poisoned by a vault guard]
 12989 | D:13     | HP: 4/112 [poisoned by a vault guard]
 12997 | D:13     | HP: 5/112 [poisoned by a vault guard]
 13363 | D:13     | Found a gate to the Vaults.
 13433 | D:14     | Noticed Frances
 13445 | D:14     | Killed Frances
 13445 | D:14     | Reached XP level 13. HP: 114/118 MP: 12/12
 14711 | D:14     | Reached skill level 17 in Axes
 14717 | D:14     | Got an ancient sapphire amulet
 14725 | D:14     | Identified the amulet "Guesmow" {Spirit Stlth+} (You found
                  | it on level 14 of the Dungeon)
 15304 | D:15     | Entered Level 15 of the Dungeon
 15707 | D:15     | Found a staircase to the Depths.
 15721 | D:15     | Received a gift from Trog
 16318 | D:15     | Reached XP level 14. HP: 96/129 MP: 13/13
 17231 | Lair:1   | Entered Level 1 of the Lair of Beasts
 18129 | Lair:2   | Identified 2 scrolls of acquirement
 18264 | Lair:2   | Reached skill level 18 in Axes
 18730 | Lair:2   | Found a staircase to the Swamp.
 18852 | Lair:2   | Found a staircase to the Snake Pit.
 18996 | Lair:2   | Received a gift from Trog
 19280 | Lair:2   | Identified the +9 glaive of Qentai {chaos, rC+ Dex+2} (You
                  | acquired it on level 2 of the Lair of Beasts)
 19280 | Lair:2   | Identified the ring "Likhod" {MP+9 Str+5 Int+3} (You
                  | acquired it on level 2 of the Lair of Beasts)
 22816 | Lair:6   | Entered Level 6 of the Lair of Beasts
 22980 | Lair:6   | Reached skill level 19 in Axes
 23259 | Lair:6   | Received a gift from Trog
 23488 | Lair:6   | Reached XP level 15. HP: 106/139 MP: 10/14
 23796 | Lair:6   | Reached skill level 15 in Armour
 24234 | Lair:6   | Found a viscous altar of Jiyva.
 24234 | Lair:6   | Found a staircase to the Slime Pits.
 24652 | Slime:1  | Entered Level 1 of the Pits of Slime
 24657 | Slime:1  | Noticed an acid blob
 24660 | Slime:1  | Noticed an azure jelly
 24664 | Slime:1  | Splashed by an acid blob's acid

Levels and vault maps discovered:
D:1:      dpeg_arrival_tiny_i, layout_basic, minmay_misc_feat_more_columns
D:2:      layout_rooms, first_ration, chequers_ecumenical_altar_grove,
          minmay_lizard_king
D:3:      layout_loops_ring, nemelex_xobeh_ov_fountains_minmay, minivault_26,
          uniq_ijyb
D:4:      layout_basic, nicolae_dithmenos_through_a_glass_darkly,
          minmay_temple_entry_mist, kennysheep_orc_chapel
D:5:      layout_loops_corners, corexii_item_surrounded_by_moat,
          nicolae_ru_awakened_eye
D:6:      layout_basic, amethyst_overflow_temple_binary,
          nicolae_ossuary_entry_giza, uniq_eustachio, uniq_duvessa
D:7:      layout_basic, basic_altar, uniq_prince_ribbit1, uniq_pikel,
          uniq_menkaure
D:8:      layout_rooms, zin_statuary, cheibrodos_worm_habitat,
          grunt_qazlal_sundering, kennysheep_mini,
          nicolae_looking_at_the_future, uniq_joseph
D:9:      layout_basic, fedhas_altar_4, kennysheep_vampire_church, serial_shops,
          kennysheep_little_box, serial_ice, serial_ice_k, serial_ice_a,
          serial_ice_b, serial_ice_n, basic_altar, uniq_grum
D:10:     layout_basic, erik_lair_orcish_takeover, hangedman_stone_soup,
          uniq_josephine
D:11:     layout_loops_ring, uniq_snorg
D:12:     layout_roguey [special_room_orc], enter_trove_6, led_sif_book,
          uniq_nergalle
D:13:     layout_cave_pools, ximxim_vaults_locker_room, minmay_misc_feat_rows
D:14:     layout_small_grid, uniq_frances
D:15:     hangedman_depths_entry_civil_slaughter, layout_loops_ring, drop_trap
Lair:1:   layout_chaotic_city
Lair:2:   layout_cave_pods, nicolae_swamp_entry_splash_gauntlet,
          guppyfry_snake_entry_garden, beast_lair_carwin_1
Lair:3:   layout_cave_shapes
Lair:4:   layout_gridlike, grunt_megastairs_1, infiniplex_staircase_pool,
          lemuel_fruit_tree
Lair:5:   wad_woods_04, layout_concentric_octagons, minmay_lair_oklob_chamber,
          grunt_megastairs_3, infiniplex_staircase_pool_2
Lair:6:   hangedman_lair_caniforms_friends, layout_gridlike,
          dpeg_slime_entry_enclosed_altar
Slime:1:  nicolae_slime_jelly_donut, layout_caves

Skill      XL: |  1  2  3  4  5  6  7  8  9 10 11 12 13 14 15 |
---------------+----------------------------------------------+-----
Axes           | 4 5 6 7 9 11 12 14 16 17 19 | 19.4
Fighting       | 4 5 6 7 8 9 11 12 13 14 | 14.6
Armour         | 3 4 5 6 8 9 10 12 13 14 15 | 15.3
Dodging        | 3 4 5 6 7 8 10 11 12 13 | 13.4

Action                   |  1- 3 |  4- 6 |  7- 9 | 10-12 | 13-15 || total
-------------------------+-------+-------+-------+-------+-------++-------
Melee: Hand axe          |    95 |   137 |     4 |       |       ||   236
       Headbutt          |    12 |    20 |    36 |   126 |   133 ||   327
       Broad axe         |       |       |   167 |       |       ||   167
       War axe           |       |       |    31 |    22 |       ||    53
       Battleaxe         |       |       |       |   596 |       ||   596
       Executioner's axe |       |       |       |     9 |   563 ||   572
Invok: Berserk           |     1 |     1 |     7 |    10 |     5 ||    24
  Use: Scroll            |       |       |    11 |     9 |    19 ||    39
       Potion            |       |       |       |     1 |     4 ||     5
  Eat: Chunk             |     1 |     9 |    13 |    16 |    36 ||    75
       Ration            |       |       |     1 |     5 |     3 ||     9
Armor: Animal skin       |    14 |       |       |       |       ||    14
       Leather armour    |     9 |    23 |       |       |       ||    32
       Plate armour      |       |    13 |   103 |   347 |   476 ||   939
Dodge: Dodged            |    53 |    79 |   102 |   383 |   421 ||  1038

Table legend:
 A = Non-vault XP
 B = Vault XP
 C = Vault XP percentage of total XP
 D = Non-vault monster count
 E = Vault monster count
 F = Vault count percentage of total count
                 A         B        C        D         E       F
            +---------+---------+-------+---------+---------+-------
      Total |   75448 |   40212 |  34.8 |     491 |     194 |  28.3
            +---------+---------+-------+---------+---------+-------
        D:1 |      56 |       0 |   0.0 |      31 |       0 |   0.0
        D:2 |      26 |       7 |  21.2 |      11 |       5 |  31.2
        D:3 |     193 |      36 |  15.7 |      24 |       1 |   4.0
        D:4 |     311 |      87 |  21.9 |      25 |       3 |  10.7
        D:5 |     747 |       0 |   0.0 |      20 |       0 |   0.0
        D:6 |    1090 |     451 |  29.3 |      25 |       6 |  19.4
        D:7 |     665 |    1099 |  62.3 |      13 |       3 |  18.8
        D:8 |     624 |    1629 |  72.3 |      14 |      16 |  53.3
        D:9 |    2256 |    1055 |  31.9 |      52 |      16 |  23.5
       D:10 |    2399 |    2715 |  53.1 |      21 |      18 |  46.2
       D:11 |    3613 |    1078 |  23.0 |      13 |       1 |   7.1
       D:12 |    6379 |    1611 |  20.2 |      44 |      25 |  36.2
       D:13 |    3703 |    4628 |  55.6 |      26 |      11 |  29.7
       D:14 |   14987 |    2413 |  13.9 |      47 |       1 |   2.1
       D:15 |    7573 |    4865 |  39.1 |      17 |       6 |  26.1
     Lair:1 |    3000 |       0 |   0.0 |      16 |       0 |   0.0
     Lair:2 |    3438 |    3685 |  51.7 |      17 |      15 |  46.9
     Lair:3 |    2877 |       0 |   0.0 |      15 |       0 |   0.0
     Lair:4 |    2390 |     343 |  12.6 |       7 |       2 |  22.2
     Lair:5 |    6987 |    4321 |  38.2 |      17 |       9 |  34.6
     Lair:6 |   12134 |   10189 |  45.6 |      36 |      56 |  60.9
            +---------+---------+-------+---------+---------+-------
